 Dungeon Crawl Stone Soup version 0.19-a0-1008-g4c63d25 (webtiles) character file.

19816 Implojin the Grappler (level 12, -5/112 HPs)
             Began as a Minotaur Fighter on July 21, 2016.
             Was a High Priest of Okawaru.
             Slain by an alligator snapping turtle (35 damage)
             ... on level 4 of the Shoals.
             The game lasted 00:28:02 (3900 turns).

Implojin the Grappler (Minotaur Fighter)            Turns: 3900, Time: 00:28:02

Health: -5/112     AC: 18    Str: 22    XL:     12   Next: 39%
Magic:  0/13       EV: 18    Int:  5    God:    Okawaru [*****.]
Gold:   50         SH: 14    Dex: 17    Spells: 2 memorised, 9 levels left

rFire  + . .     SeeInvis .       - Unarmed
rCold  + . .     Gourm    .     a - +1 chain mail {rC+}
rNeg   . . .     Faith    .     i - +0 shield {reflect}
rPois  .         Spirit   +     (helmet restricted)
rElec  .         Dismiss  .     f - +0 cloak
rCorr  .         Reflect  +     r - +0 pair of gloves
SustAt .         Harm     .     x - +0 pair of boots of Broken Taboos {rF+}
MR     .....                    G - amulet of guardian spirit
Stlth  +.........               I - ring of stealth
                                c - +3 ring of dexterity

@: heroism, finesse, not resistant to hostile enchantments, very unstealthy
A: retaliatory headbutt, horns 2
a: Heroism, Finesse, Renounce Religion


You were on level 4 of the Shoals.
You worshipped Okawaru.
Okawaru was extremely pleased with you.
You were not hungry.

You visited 4 branches of the dungeon, and saw 20 of its levels.

You collected 50 gold pieces.

Inventory:

Hand Weapons
 L - a +0 blowgun
 M - a +0 short sword of distortion
 P - the +8 frozen axe "Frostbite" {freezing cloud, *Noise +Fly rC+}
   (You found it on level 4 of the Shoals)

   It has been specially enchanted to freeze those struck by it, causing extra
   injury to most foes and up to half again as much damage against particularly
   susceptible opponents.
   It can also slow down cold-blooded creatures.
   It protects you from cold.
   It lets you fly.
   It may make noises in combat.
Missiles
 g - 7 tomahawks
 l - 2 javelins
 w - 2 curare-tipped needles
 A - 3 steel javelins (quivered)
 N - a throwing net
Armour
 a - a +1 chain mail of cold resistance (worn)
 b - a +0 shield
 f - a +0 cloak (worn)
 h - a +0 chain mail
 i - a +0 shield of reflection (worn)
 r - a +0 pair of gloves (worn)
 x - the +0 pair of boots of Broken Taboos (worn) {rF+}
   (Okawaru gifted it to you on level 3 of the Lair of Beasts)

   It protects you from fire.
 C - a troll hide
Magical Staves
 j - an uncursed staff of power
Jewellery
 c - a +3 ring of dexterity (left hand)
 G - an amulet of guardian spirit (around neck)
 I - a ring of stealth (right hand)
Wands
 m - a wand of random effects (34/48)
 n - a wand of acid (2/15)
 s - a wand of polymorph (9/24)
 y - a wand of teleportation (4/9)
Scrolls
 e - 2 scrolls of random uselessness
 p - 2 scrolls of enchant armour {unknown}
 B - 2 scrolls of fear {unknown}
 D - 2 scrolls of remove curse
 F - a scroll of amnesia {unknown}
 H - a scroll of holy word {unknown}
 Q - a scroll of identify
Potions
 k - 2 potions of flight
 t - a potion of cancellation {unknown}
 u - a potion of magic {unknown}
 v - a potion of agility {unknown}
 z - a potion of resistance {unknown}
 J - a potion of curing
 K - 2 potions of berserk rage
 O - a potion of heal wounds
Books
 E - a book of Cantrips

   Spells                             Type                      Level
   a - Confusing Touch                Hexes                        1
   b - Animate Skeleton               Necromancy                   1
   c - Summon Small Mammal            Summoning                    1
   d - Apportation                    Translocation                1
Comestibles
 d - 2 bread rations
 o - a royal jelly
 q - 4 meat rations


   Skills:
 - Level 12.0(17.0) Fighting
 - Level 8.4(13.4) Armour
 * Level 10.9(15.9) Dodging
 - Level 10.0(15.0) Shields
 - Level 12.1(17.1) Unarmed Combat
 - Level 3.4 Invocations


You had 9 spell levels left.
You knew the following spells:

 Your Spells              Type           Power        Failure   Level  Hunger
a - Apportation           Tloc           #.........   100%        1    ##.....
b - Summon Small Mammal   Summ           #...         100%        1    ##.....


Dungeon Overview and Level Annotations

Branches:
Dungeon (11/15)            Temple (1/1) D:4            Lair (4/6) D:11
 Shoals (4/4) Lair:3       Spider (0/4) Lair:3
    Orc: D:9-12

Altars:
Ashenzari
Cheibriados
Dithmenos
Elyvilon
Gozag
Kikubaaqudgha
Nemelex Xobeh
Okawaru
Pakellas
Sif Muna
Trog
Uskayaw
Xom
Yredelemnul


Innate Abilities, Weirdness & Mutations

You reflexively headbutt those who attack you in melee.
You have a pair of horns on your head.


Message History

The alligator snapping turtle is moderately wounded.
You hit the alligator snapping turtle but do no damage.
The alligator snapping turtle is moderately wounded.
The alligator snapping turtle misses you.
You hit the alligator snapping turtle but do no damage.
You headbutt the alligator snapping turtle, but do no damage.
The alligator snapping turtle is moderately wounded.
You hit the alligator snapping turtle but do no damage.
The alligator snapping turtle is moderately wounded.
You block the alligator snapping turtle's attack.
You pummel the alligator snapping turtle!!
The alligator snapping turtle is moderately wounded.
The alligator snapping turtle bites you!!
* * * LOW HITPOINT WARNING * * *
Unknown command.
You fail to use your ability.
You can now deal lightning-fast blows.
The alligator snapping turtle bites you!!
* * * LOW HITPOINT WARNING * * *
Unknown command.
You hit the alligator snapping turtle but do no damage.
The alligator snapping turtle is moderately wounded.
You punch the alligator snapping turtle!
You headbutt the alligator snapping turtle, but do no damage.
The alligator snapping turtle is heavily wounded.
The alligator snapping turtle barely misses you.
You punch the alligator snapping turtle!
You headbutt the alligator snapping turtle.
The alligator snapping turtle is heavily wounded.
You hit the alligator snapping turtle but do no damage.
You headbutt the alligator snapping turtle, but do no damage.
The alligator snapping turtle is heavily wounded.
You hit the alligator snapping turtle.
You headbutt the alligator snapping turtle, but do no damage.
The alligator snapping turtle is heavily wounded.
You hit the alligator snapping turtle.
You headbutt the alligator snapping turtle, but do no damage.
The alligator snapping turtle is heavily wounded.
The alligator snapping turtle bites you!!!
You die...

.....PPPP...P..#
P.P....PP≈≈....# ≈≈≈≈ ≈
..P...P≈≈≈≈≈≈..# ≈≈≈≈ ≈≈
...PP.P≈≈≈≈≈≈..# ..≈≈≈
≈≈.PH...H..≈≈≈≈≈≈.###..≈≈≈
≈≈.P.....H...≈≈≈≈≈....≈≈≈≈
≈≈≈≈...###.##≈≈......≈≈≈≈≈
≈≈≈≈≈≈#######)≈##<..≈≈≈≈≈≈
#≈≈###@.#≈.##..≈≈≈≈≈≈
#≈≈≈≈t..##H....≈≈≈≈≈≈
#≈≈#≈#.###......≈≈≈≈≈
##≈≈..≈≈#.......≈≈≈≈≈
#%#.#.##≈.......≈≈≈≈
#≈≈.≈...#≈.......≈≈≈≈
##≈≈##.###........≈≈≈ ###
### .........≈≈≈
..........≈≈


You could see an alligator snapping turtle.

Vanquished Creatures
  Donald (Shoals:1)
  Snorg (D:11)
  An ogre mage (D:10)
  A hydra (Lair:2)
  Sonja (Lair:3)
  A sea snake (Shoals:3)
  Pikel (D:6)
  2 hill giants
  3 harpies (Shoals:4)
  An orb spider (Lair:3)
  3 fauns (Shoals:1)
  2 manticores (Shoals:2)
  A siren (Shoals:1)
  A komodo dragon (Lair:2)
  3 merfolk
  2 trolls
  A two-headed ogre (D:10)
  4 blink frogs (Lair:2)
  4 snapping turtles
  A wyvern (D:9)
  17 yaks
  A wraith (D:10)
  A hippogriff (D:9)
  4 water moccasins
  A porcupine (Lair:2)
  An ice beast (D:7)
  2 sky beasts
  A phantom (D:5)
  3 wolves (D:11)
  A centaur (D:9)
  10 ogres
  7 crocodiles
  3 giant frogs
  A scorpion (Lair:3)
  5 wights (D:11)
  3 howler monkeys (D:7)
  3 electric eels
  2 crimson imps (D:9)
  A centaur zombie (D:9)
  2 giant frog zombies
  8 hounds
  A jelly (D:11)
  An orc priest (D:5)
  2 orc wizards
  2 giant frog skeletons (D:11)
  2 iguanas
  Terence (D:3)
  3 worker ants
  An ogre zombie (D:11)
  A hound skeleton (D:9)
  A worker ant zombie (D:8)
  3 gnolls (D:4)
  4 adders
  2 adder skeletons
  An adder zombie (D:7)
  4 giant geckos
  7 orcs
  A bat (D:2)
  4 jackals (D:7)
  2 kobolds
  4 quokkas
  2 ball pythons
  A giant newt (D:5)
  An orc zombie (D:11)
  A rat (D:3)
164 creatures vanquished.

Vanquished Creatures (others)
  A slave (D:6)
  A wight (D:6)
  An orc (D:6)
  A fungus (Lair:3)
  A plant (Lair:3)
5 creatures vanquished.

Grand Total: 169 creatures vanquished

Notes
Turn   | Place    | Note
-------+----------+-------------------------------------------
     0 | D:1      | Implojin the Minotaur Fighter began the quest for the Orb.
     0 | D:1      | Reached XP level 1. HP: 19/19 MP: 0/0
   112 | D:2      | You fall through a shaft!
   165 | D:3      | Reached skill level 3 in Unarmed Combat
   178 | D:3      | Noticed Terence
   184 | D:3      | Killed Terence
   184 | D:3      | Reached skill level 4 in Unarmed Combat
   184 | D:3      | Reached XP level 2. HP: 26/26 MP: 1/1
   184 | D:3      | Reached XP level 3. HP: 31/31 MP: 2/2
   195 | D:3      | Found a shadowy altar of Dithmenos.
   205 | D:3      | You fall through a shaft for 3 floors!
   207 | D:6      | Noticed a slave
   208 | D:6      | Noticed a slave
   209 | D:6      | Noticed Pikel
   210 | D:6      | Noticed a slave
   223 | D:6      | Noticed a slave
   225 | D:6      | Killed Pikel
   225 | D:6      | Reached skill level 8 in Unarmed Combat
   225 | D:6      | Reached XP level 4. HP: 29/39 MP: 3/3
   225 | D:6      | Reached XP level 5. HP: 33/45 MP: 4/4
   225 | D:6      | Reached XP level 6. HP: 38/51 MP: 5/5
   245 | D:6      | Reached XP level 7. HP: 26/57 MP: 6/6
   275 | D:5      | Entered Level 5 of the Dungeon
   344 | D:7      | Reached skill level 9 in Unarmed Combat
   430 | D:7      | Reached skill level 10 in Unarmed Combat
   440 | D:7      | Reached XP level 8. HP: 27/64 MP: 7/7
   699 | D:5      | Found a hide-covered altar of Uskayaw.
   772 | D:7      | Reached skill level 11 in Unarmed Combat
  1264 | D:4      | Found a staircase to the Ecumenical Temple.
  1276 | Temple   | Entered the Ecumenical Temple
  1297 | Temple   | Became a worshipper of Warmaster Okawaru
  1411 | D:8      | Reached skill level 12 in Unarmed Combat
  1434 | D:8      | Reached skill level 4 in Fighting
  1486 | D:9      | Reached skill level 5 in Fighting
  1518 | D:9      | Reached XP level 9. HP: 66/74 MP: 8/8
  1549 | D:9      | Reached skill level 6 in Fighting
  1564 | D:9      | Reached * piety under Okawaru
  1736 | D:9      | Reached skill level 7 in Fighting
  1741 | D:10     | Entered Level 10 of the Dungeon
  1741 | D:10     | Noticed an ogre mage
  1754 | D:10     | Killed an ogre mage
  1754 | D:10     | Reached skill level 9 in Fighting
  1756 | D:10     | Reached ** piety under Okawaru
  1756 | D:10     | Reached skill level 10 in Fighting
  1794 | D:9      | Noticed a troll
  1804 | D:9      | Killed a troll
  1804 | D:9      | Reached skill level 11 in Fighting
  1937 | D:10     | Found a shimmering altar of Xom.
  1943 | D:10     | Found a shimmering altar of Xom.
  1944 | D:10     | Found a shimmering altar of Xom.
  1944 | D:10     | Found a shimmering altar of Xom.
  1944 | D:10     | Found a shimmering altar of Xom.
  1944 | D:10     | Found a shimmering altar of Xom.
  1979 | D:10     | Reached XP level 10. HP: 90/96 MP: 6/9
  2018 | D:10     | Noticed a hill giant
  2031 | D:10     | Killed a hill giant
  2031 | D:10     | Reached *** piety under Okawaru
  2031 | D:10     | Reached skill level 12 in Fighting
  2104 | D:10     | Reached skill level 1 in Invocations
  2132 | D:11     | Reached skill level 2 in Invocations
  2143 | D:11     | Reached skill level 3 in Invocations
  2154 | D:11     | Reached skill level 4 in Shields
  2174 | D:11     | Reached skill level 5 in Shields
  2181 | D:11     | Found a staircase to the Lair.
  2192 | D:11     | Noticed a hill giant
  2202 | D:11     | Killed a hill giant
  2202 | D:11     | Reached skill level 6 in Shields
  2213 | D:11     | Noticed Snorg
  2242 | D:11     | Killed Snorg
  2242 | D:11     | Reached **** piety under Okawaru
  2242 | D:11     | Reached skill level 8 in Shields
  2452 | D:11     | Reached skill level 9 in Shields
  2469 | D:11     | Reached XP level 11. HP: 88/104 MP: 10/12
  2483 | D:11     | Reached skill level 10 in Shields
  2487 | D:11     | Reached skill level 4 in Armour
  2519 | Lair:1   | Entered Level 1 of the Lair of Beasts
  2572 | Lair:1   | Reached skill level 5 in Armour
  2583 | Lair:2   | Found a snail-covered altar of Cheibriados.
  2602 | Lair:2   | Reached ***** piety under Okawaru
  2602 | Lair:2   | Reached skill level 6 in Armour
  2649 | Lair:3   | Reached skill level 7 in Armour
  2679 | Lair:3   | Reached skill level 8 in Armour
  2774 | Lair:4   | Noticed a four-headed hydra
  2812 | Lair:3   | Noticed Sonja
  2839 | Lair:2   | Noticed a five-headed hydra
  2854 | Lair:2   | Killed a five-headed hydra
  2854 | Lair:2   | Reached skill level 2 in Dodging
  2972 | Lair:3   | Found a hole to the Spider Nest.
  2972 | Lair:3   | Noticed an orb spider
  2996 | Lair:3   | Killed an orb spider
  2996 | Lair:3   | Reached skill level 3 in Dodging
  3043 | Lair:3   | Reached skill level 4 in Dodging
  3064 | Lair:3   | Received a gift from Okawaru
  3065 | Lair:3   | Got a pair of smoking boots {god gift}
  3073 | Lair:3   | Killed Sonja
  3073 | Lair:3   | Reached skill level 5 in Dodging
  3097 | Lair:3   | Identified the +0 pair of boots of Broken Taboos {rF+} (Okawaru gifted it to you on level 3 of the Lair of Beasts)
  3204 | Lair:3   | Found a staircase to the Shoals.
  3229 | Lair:3   | Learned a level 1 spell: Apportation
  3231 | Lair:3   | Learned a level 1 spell: Summon Small Mammal
  3232 | Shoals:1 | Entered Level 1 of the Shoals
  3270 | Shoals:1 | Reached skill level 6 in Dodging
  3286 | Shoals:1 | Reached skill level 7 in Dodging
  3417 | Shoals:1 | Noticed Donald
  3432 | Shoals:1 | Killed Donald
  3432 | Shoals:1 | Reached skill level 8 in Dodging
  3432 | Shoals:1 | Reached XP level 12. HP: 74/112 MP: 5/13
  3478 | Shoals:1 | HP: 4/112 [merfolk/trident (12)]
  3484 | Shoals:1 | HP: 1/112 [merfolk/trident (8)]
  3631 | Shoals:1 | Reached skill level 9 in Dodging
  3773 | Shoals:3 | Noticed a merfolk impaler
  3821 | Shoals:3 | Reached skill level 10 in Dodging
  3826 | Shoals:4 | Entered Level 4 of the Shoals
  3876 | Shoals:4 | Noticed an alligator snapping turtle
  3900 | Shoals:4 | Slain by an alligator snapping turtle

Vault maps used:
D:1:      dpeg_arrival_stonehenge_8_columns, amethyst_killhole
D:3:      grunt_dithmenos_smoke_and_mirrors, trog_wizard, uniq_natasha,
          uniq_terence
D:4:      zin_purify
D:5:      eat_drink_and_be_merry_uskayaw, first_bread, minmay_misc_feat_enclosed
D:6:      hex_tiny, uniq_pikel, uniq_menkaure, uniq_crazy_yiuf_cottage
D:7:      grunt_temple_overflow_open, grunt_livestock, zaba_anthole,
          minmay_statues_item, st_stairs_7
D:8:      enter_bailey_8
D:9:      fiery_altar_vehumet, lemuel_round_altar
D:10:     xom_redecorated
D:11:     erik_lair_island, zombieorc2_lemuel, uniq_psyche, uniq_snorg
Temple:   cyrus_circular_temple
Lair:2:   basic_altar, serial_bayou_shore_a
Lair:3:   elwin_shoals_entry_rooms, nicolae_spider_entry_orb_guardian,
          grunt_megastairs_2, serial_bayou_shore_b, uniq_sonja
Shoals:1: cheibrodos_shoals_roost, uniq_donald
Shoals:2: nicolae_shoals_water_shrine
Shoals:4: shoals_end_grunt_ice, shoals_ilsuiw_ice

Skill      XL: |  1  2  3  4  5  6  7  8  9 10 11 12 |
---------------+-------------------------------------+-----
Unarmed Combat | 4 8 10 12 | 12.1
Fighting       | 5 11 12 | 12.0
Invocations    | 3 |  3.4
Shields        | 9 10 | 10.0
Armour         | 8 |  8.4
Dodging        | 8 10 | 10.9

Action                   |  1- 3 |  4- 6 |  7- 9 | 10-12 || total
-------------------------+-------+-------+-------+-------++-------
Melee: Unarmed           |    29 |     6 |   224 |   385 ||   644
       Headbutt          |     6 |       |    44 |   112 ||   162
 Fire: Blowgun           |       |       |       |     3 ||     3
Throw: Tomahawk          |       |       |       |     2 ||     2
       Javelin           |       |       |       |     4 ||     4
Invok: Heroism           |       |       |     3 |    36 ||    39
       Finesse           |       |       |       |     4 ||     4
  Use: Potion            |     1 |       |     1 |     8 ||    10
       Scroll            |       |       |     5 |     4 ||     9
  Eat: Chunk             |       |       |     2 |     4 ||     6
       Meat ration       |       |       |     1 |       ||     1
Armor: Scale mail        |    16 |       |     2 |       ||    18
       Chain mail        |       |       |    78 |    78 ||   156
Dodge: Dodged            |    16 |     1 |    28 |   110 ||   155
Block: Shield            |    26 |     2 |    91 |   157 ||   276

Table legend:
 A = Turns spent in this place as a percentage of turns spent in the entire game.
 B = Non-inter-level travel turns spent in this place as a percentage of non-inter-level travel turns spent in the entire game.
 C = Inter-level travel turns spent in this place as a percentage of turns spent in this place.
 D = Turns resting spent in this place as a percentage of non-inter-level travel turns spent in this place.
 E = Turns spent auto-exploring this place as a percentage of non-inter-level travel turns spent in this place.
 F = Non-inter-level travel turns spent in this place divided by the number of levels of this place that you've seen.
                   A       B       C       D       E      F
               +-------+-------+-------+-------+-------+----------------------
         Total | 100.0 | 100.0 |   0.0 |   0.4 |   0.0 | 184.4
       Dungeon |  64.8 |  64.8 |   0.0 |   0.3 |   0.0 | 217.3
        Temple |   1.2 |   1.2 |   0.0 |   0.0 |   0.0 |  43.0
          Lair |  20.2 |  20.2 |   0.0 |   0.0 |   0.0 | 186.5
        Shoals |  13.8 |  13.8 |   0.0 |   1.4 |   0.0 | 127.0
               +-------+-------+-------+-------+-------+----------------------

Table legend:
 A = Kills in this place as a percentage of kills in entire the game.
 B = Kills by you in this place as a percentage of kills by you in the entire game.
 C = Kills by friends in this place as a percentage of kills by friends in the entire game.
 D = Other kills in this place as a percentage of other kills in the entire game.
 E = Experience gained in this place as a percentage of experience gained in the entire game.
 F = Experience gained in this place divided by the number of levels of this place that you have seen.
                   A       B       C       D       E      F
               +-------+-------+-------+-------+-------+----------------------
         Total | 100.0 | 100.0 |  -nan |  -nan | 100.0 | 1415.4
       Dungeon |  72.0 |  72.0 |  -nan |  -nan |  43.8 | 1126.4
        Temple |   0.6 |   0.6 |  -nan |  -nan |   0.0 |   2.0
          Lair |  17.1 |  17.1 |  -nan |  -nan |  23.0 | 1630.5
        Shoals |  10.4 |  10.4 |  -nan |  -nan |  33.2 | 2348.8
               +-------+-------+-------+-------+-------+----------------------
